 Dungeon Crawl Stone Soup version 0.22-a0 (webtiles) character file.

4522 Lanoc the Martial Artist (level 10, -2/83 HPs)
             Began as a Red Draconian Transmuter on Dec 31, 2017.
             Was a Follower of Qazlal.
             Slain by a hornet (15 damage)
             ... on level 8 of the Dungeon.
             The game lasted 00:33:13 (9473 turns).

Lanoc the Martial Artist (Red Draconian Transmuter) Turns: 9473, Time: 00:33:14

Health: -2/83      AC:  9    Str: 12    XL:     10   Next: 17%
Magic:  15/18      EV: 14    Int: 16    God:    Qazlal [*.....]
Gold:   583        SH:  2    Dex: 13    Spells: 9/19 levels left

rFire    + + .     SeeInvis .     - Unarmed
rCold    x . .     Gourm    +   (shield currently unavailable)
rNeg     . . .     Faith    .   (armour unavailable)
rPois    .         Spirit   .   (helmet restricted)
rElec    .         Reflect  .   n - +1 cloak
rCorr    .         Harm     .   (gloves currently unavailable)
MR       .....                  (no boots)
Stlth    +.........             k - amulet of the gourmand
HPRegen  0.23/turn              p - ring of fire
MPRegen  0.16/turn              (no ring)

@: lethally poisoned (-2 -> -17), blade hands, slowed, very slow
A: breathe fire, unfitting armour, fire resistance 1, cold-blooded, AC +7
a: Breathe Fire, End Transformation, Renounce Religion


You were on level 8 of the Dungeon.
You worshipped Qazlal.
Qazlal was aware of your devotion.
You were completely stuffed.
You had blades for hands.
You visited 2 branches of the dungeon, and saw 9 of its levels.

You collected 583 gold pieces.

Inventory:

Hand Weapons
 m - a +5 quarterstaff of chaos
Missiles
 a - 231 arrows
Armour
 j - a +0 shield
 n - a +1 cloak (worn)
Jewellery
 k - an amulet of the gourmand (around neck)
 p - a ring of fire (left scythe-like blade)
Wands
 e - a wand of polymorph (12)
 q - a wand of random effects (65)
 v - a wand of iceblast (15)
Scrolls
 d - 7 scrolls of remove curse
 g - a scroll of fear {unknown}
 l - a scroll of identify
 o - 2 scrolls of enchant armour
 s - a scroll of blinking
Potions
 h - a potion of cancellation
 i - a potion of flight
 r - a potion of agility {unknown}
Books
 b - a book of Changes

   Spells                             Type                      Level
   a - Beastly Appendage              Transmutation                1
   b - Sticks to Snakes               Transmutation                2
   c - Spider Form                    Transmutation/Poison         3
   d - Ice Form                       Ice/Transmutation            4
   e - Blade Hands                    Transmutation                5
Comestibles
 c - 17 rations


   Skills:
 + Level 6.0 Fighting
 + Level 5.2 Dodging
 * Level 8.4 Unarmed Combat
 + Level 5.3 Spellcasting
 * Level 8.2 Transmutations
 + Level 2.7 Invocations


You had 9 spell levels left.
You knew the following spells:

 Your Spells              Type           Power        Failure   Level  Hunger
b - Sticks to Snakes      Tmut           ####....     13%         2    #......
c - Spider Form           Tmut/Pois      ###.......   43%         3    ###....
d - Blade Hands           Tmut           ####......   54%         5    ######.


Dungeon Overview and Level Annotations

Branches:
Dungeon (8/15)             Temple (1/1) D:7            Lair (0/6) D:8

Altars:
Ashenzari
Cheibriados
Dithmenos
Elyvilon
Fedhas
Gozag
Hepliaklqana
Kikubaaqudgha
Makhleb
Nemelex Xobeh
Okawaru
Qazlal
Ru
Sif Muna
Trog
Uskayaw
Vehumet
Wu Jian
Xom
Yredelemnul
Zin
The Shining One

Shops:
D:7 ?

Annotations:
D:6 1 transporter


Innate Abilities, Weirdness & Mutations

You can breathe blasts of fire.
Your fiery red scales are hard. (AC +7)
You cannot fit into any form of body armour.
Your flesh is heat resistant. (rF+)
You are cold-blooded and may be slowed by cold attacks.


Message History

You feel very sick. The hornet stings you.
You feel as though you will be slow longer.
The hornet stings you!
You feel as though you will be slow longer.
You slash the hornet!
The hornet is severely wounded.
You feel very sick. The hornet stings you!
You feel as though you will be slow longer.
You barely miss the hornet.
The hornet is severely wounded.
You feel sick. The hornet closely misses you. The hornet stings you!
* * * LOW HITPOINT WARNING * * *
You feel as though you will be slow longer.
You barely miss the hornet.
The hornet is severely wounded.
* * * LOW HITPOINT WARNING * * *
You feel sick. The hornet stings you!
You die...

####.#######.### #.#.........#
#. # #.# #.# #....##.###.###. ##
#.# #.# #....##.###..... .###.#
#.# #..........##.## #.##.# ###
#.# ##...##.##.##.#
#....###.###.## #..).#.##.##.#
#.##.##......#a# ##......##.##.#
.##...##.######y#.#.#.##.##.##.#
.............#.#@##...##.##.##.#
###...##.###.##.#.######.##.##.#
##.###.# #.##.###.........##.#
#.....# #...#..##...........#
####### #..<.......##########
############


You could see a soldier ant and a hornet.

Vanquished Creatures
  A wyvern (D:8)
  A hungry ghost (D:7)
  3 porcupines (D:8)
  3 sky beasts
  3 black bears (D:8)
  An ice beast (D:8)
  A necrophage (D:6)
  2 phantoms
  2 wolves (D:8)
  4 centaurs
  3 crocodiles (D:8)
  A bullfrog (D:6)
  8 scorpions
  6 killer bees (D:8)
  4 wights (D:7)
  A howler monkey (D:5)
  3 jellies
  A crimson imp (D:5)
  5 bullfrog skeletons
  A centaur zombie (D:7)
  3 hounds
  Crazy Yiuf (D:2)
  4 orc priests
  9 orc wizards
  A centaur skeleton (D:6)
  5 iguanas
  Ijyb (D:4)
  5 worker ants
  2 hound skeletons
  10 adders
  3 shadow imps
  An adder skeleton (D:5)
  3 worms
  A dart slug (D:1)
  4 leopard geckos
  31 orcs
  2 ball pythons
  5 giant cockroaches
  11 goblins
  5 hobgoblins
  4 jackals (D:8)
  5 quokkas
  14 bats
  8 frilled lizards
  A jackal zombie (D:5)
  9 kobolds
  A quokka skeleton (D:5)
  9 rats
212 creatures vanquished.

Vanquished Creatures (others)
  An orc wizard (D:4)
  A fungus (D:8)
  A plant (D:8)
3 creatures vanquished.

Grand Total: 215 creatures vanquished

Notes
Turn   | Place    | Note
-------+----------+-------------------------------------------
     0 | D:1      | Lanoc the Draconian Transmuter began the quest for the Orb.
     0 | D:1      | Reached XP level 1. HP: 16/16 MP: 3/3
   372 | D:1      | Reached XP level 2. HP: 22/23 MP: 3/5
   459 | D:1      | Found an iron altar of Okawaru.
   860 | D:2      | Reached XP level 3. HP: 5/28 MP: 6/6
  1497 | D:2      | Found a runed door.
  1908 | D:2      | Learned a level 2 spell: Sticks to Snakes
  1912 | D:2      | Learned a level 3 spell: Spider Form
  1914 | D:2      | Noticed Crazy Yiuf
  1919 | D:2      | Killed Crazy Yiuf
  1919 | D:2      | Reached XP level 4. HP: 36/36 MP: 0/7
  2118 | D:3      | Reached XP level 5. HP: 22/41 MP: 3/8
  2637 | D:3      | Found a faded altar of an unknown god.
  3305 | D:4      | Reached XP level 6. HP: 39/50 MP: 6/10
  3756 | D:4      | Noticed Ijyb
  3785 | D:4      | Killed Ijyb
  4051 | D:4      | Your scales start taking on a fiery red colour.
  4051 | D:4      | Reached XP level 7. HP: 31/57 MP: 5/11
  4051 | D:4      | Gained mutation: Your flesh is heat resistant. (rF+) [Red Draconian growth]
  4188 | D:5      | Entered Level 5 of the Dungeon
  4235 | D:5      | Reached skill level 5 in Unarmed Combat
  4247 | D:5      | Learned a level 5 spell: Blade Hands
  4545 | D:5      | Reached skill level 5 in Transmutations
  5423 | D:5      | Reached XP level 8. HP: 40/66 MP: 11/13
  5867 | D:6      | Found a blossoming altar of Fedhas.
  5872 | D:6      | Found a basalt altar of Yredelemnul.
  5877 | D:6      | Found an ancient bone altar of Kikubaaqudgha.
  5879 | D:6      | Found a white marble altar of Elyvilon.
  5887 | D:6      | Found a shadowy altar of Dithmenos.
  6505 | D:6      | Noticed a kobold demonologist
  6553 | D:6      | Found a transporter.
  6614 | D:6      | Found a transporter.
  6621 | D:6      | Noticed a kobold demonologist
  6733 | D:6      | Found an iron altar of Okawaru.
  6749 | D:6      | Found a sparkling altar of Nemelex Xobeh.
  6753 | D:6      | Reached XP level 9. HP: 61/73 MP: 11/15
  7115 | D:6      | Noticed a hellwing
  7471 | D:7      | Found a blossoming altar of Fedhas.
  7486 | D:7      | Reached skill level 5 in Fighting
  7613 | D:7      | Found Toumuk's Magic Scroll Boutique.
  7654 | D:7      | Found a glowing golden altar of the Shining One.
  7705 | D:7      | Found a staircase to the Ecumenical Temple.
  7719 | Temple   | Entered the Ecumenical Temple
  7812 | Temple   | Became a worshipper of Qazlal Stormbringer
  8230 | D:7      | Reached skill level 1 in Invocations
  8349 | D:8      | Found a staircase to the Lair.
  8363 | D:8      | Reached skill level 5 in Spellcasting
  8371 | D:8      | Reached skill level 5 in Dodging
  8900 | D:8      | Reached * piety under Qazlal
  8939 | D:8      | Reached XP level 10. HP: 79/83 MP: 7/17
  9467 | D:8      | Paralysed by a hornet for 1 turns
  9473 | D:8      | Slain by a hornet

Vault maps used:
D:1:      minmay_arrival_jagged, minmay_crystal_room, okawaru_ov_weapons_minmay
D:2:      minmay_door_square, grunt_decor_clamped, uniq_crazy_yiuf_cottage
D:3:      chequers_ecumenical_altar_simple_redux
D:4:      uniq_ijyb
D:5:      first_ration
D:6:      gammafunk_wand_slinger, overflow_temple_1_default,
          grunt_temple_overflow_open, nemelex_xobeh_ov_fountains_minmay
D:7:      tso_metal_star, temple_statues, basic_altar, serial_shops,
          nicolae_shop_statue_plus
D:8:      minmay_lair_entry_grove, hangedman_pestilent_swarm
Temple:   zaba_magenta_temple

Skill      XL: |  1  2  3  4  5  6  7  8  9 10 |
---------------+-------------------------------+-----
Dodging        | 2 3 4 5 |  5.2
Transmutations | 3 4 5 6 8 |  8.2
Fighting       | 2 3 4 5 6 |  6.0
Unarmed Combat | 4 5 6 8 |  8.4
Spellcasting   | 3 4 5 |  5.3
Invocations    | 2 |  2.7

Action                   |  1- 3 |  4- 6 |  7- 9 | 10-12 || total
-------------------------+-------+-------+-------+-------++-------
Melee: Unarmed           |   130 |   219 |   377 |    29 ||   755
       Headbutt          |    12 |       |    12 |       ||    24
       Tailslap          |    12 |     5 |    13 |       ||    30
       Kick              |     9 |       |     7 |       ||    16
       Punch             |     2 |       |     4 |       ||     6
 Cast: Beastly Appendage |    21 |     3 |     9 |       ||    33
       Spider Form       |     1 |    28 |    30 |       ||    59
       Blade Hands       |       |       |    12 |     7 ||    19
 Abil: Breathe Fire      |       |       |     3 |       ||     3
  Use: Potion            |     1 |     2 |     4 |       ||     7
       Scroll            |       |     7 |     7 |       ||    14
 Stab: Sleeping          |       |     1 |     1 |       ||     2
       Invisible         |       |       |     2 |       ||     2
  Eat: Chunk             |     4 |    25 |    28 |     7 ||    64
Armor: Skin              |    38 |    59 |    61 |     3 ||   161
Dodge: Dodged            |   113 |   163 |   228 |    14 ||   518

Table legend:
 A = Spawn XP
 B = Non-spawn XP
 C = Spawn XP percentage of total XP
 D = Spawn monster count
 E = Non-spawn monster count
 F = Spawn count percentage of total count
 G = Total turns spent on level
                    A         B        C        D         E        F      G
               +---------+---------+-------+---------+---------+-------+---------
         Total |       0 |    6460 |   0.0 |       0 |     213 |   0.0 |  9473
               +---------+---------+-------+---------+---------+-------+---------
           D:1 |       0 |      29 |   0.0 |       0 |      18 |   0.0 |   763
           D:2 |       0 |     106 |   0.0 |       0 |      27 |   0.0 |  1221
           D:3 |       0 |     185 |   0.0 |       0 |      35 |   0.0 |  1124
           D:4 |       0 |     417 |   0.0 |       0 |      25 |   0.0 |  1080
           D:5 |       0 |     982 |   0.0 |       0 |      29 |   0.0 |  1460
           D:6 |       0 |    1196 |   0.0 |       0 |      23 |   0.0 |  1817
           D:7 |       0 |    1075 |   0.0 |       0 |      19 |   0.0 |  1259
           D:8 |       0 |    2470 |   0.0 |       0 |      37 |   0.0 |   638
               +---------+---------+-------+---------+---------+-------+---------
